 Dungeon Crawl Stone Soup version 0.30.0-29-ga12c61a403 (webtiles) character file.

Game seed: 4416135411354857833

53 OneEyedBunny the Chopper (level 3, -7/27 HPs)
             Began as a Demonspawn Gladiator on June 20, 2023.
             Mangled by a gnoll
             ... wielding a +0 flail
              (9 damage)
             ... on level 2 of the Dungeon.
             The game lasted 00:13:59 (1324 turns).

OneEyedBunny the Chopper (Demonspawn Gladiator)     Turns: 1324, Time: 00:14:00

Health: -7/27      AC:  5    Str: 22    XL:     3   Next: 64%
Magic:  3/3        EV: 17    Int:  9    God:
Gold:   73         SH:  0    Dex: 14    Spells: 2/2 levels left

rFire   . . .        a - +1 war axe
rCold   + . .        (no shield)
rNeg    + . .        b - +0 leather armour
rPois   .            c - +0 helmet
rElec   .            (no cloak)
rCorr   .            m - +0 pair of gloves
SInv    .            (no boots)
Will    +....        (no amulet)
Stlth   +            j - ring of Tisoq {rC+ rN+ Str+6}
HPRegen 0.24/turn    l - ring of willpower
MPRegen 0.08/turn

%: no passive effects
@: agile
A: powered by pain 1
a: no special abilities


You were on level 2 of the Dungeon.
You visited 1 branch of the dungeon, and saw 2 of its levels.

You collected 73 gold pieces.

Inventory:

Hand Weapons
 a - a +1 war axe (weapon)
 f - a +0 mace
 g - a +0 flail
 r - a +0 sling
Missiles
 d - 2 throwing nets (quivered)
 k - 9 poisoned darts
 n - a javelin
Armour
 b - a +0 leather armour (worn)
 c - a +0 helmet (worn)
 m - a +0 pair of gloves (worn)
Magical Staves
 q - a staff of conjuration
Jewellery
 j - the ring of Tisoq (left hand) {rC+ rN+ Str+6}
   (You acquired it on level 1 of the Dungeon)

   [ring of strength]

   Str:       It affects your strength (+6).
   rC:        It protects you from cold.
   rN:        It protects you from negative energy.
 l - a ring of willpower (right hand)
Potions
 h - 2 potions of degeneration
 i - 2 potions of brilliance
 p - a potion of ambrosia {unknown}
 s - a potion of might {unknown}


   Skills:
 + Level 2.2 Fighting
 + Level 3.3 Axes
 + Level 1.8 Throwing
 + Level 1.5 Armour
 + Level 3.0 Dodging


You had 2 spell levels left.
You didn't know any spells.
Your spell library contained the following spells:

 Spells                   Type           Power      Damage    Failure   Level
 Dazzling Flash           Conj/Hex       0%         N/A       80%         3
 Volatile Blastmotes      Fire/Tloc      0%         2d10      80%         3
 Iskenderun's Mystic Bla  Conj/Tloc      0%         2d3       99%         4
 Starburst                Conj/Fire      0%         6d3       100%        6


Dungeon Overview and Level Annotations

Branches:
Dungeon (2/15)

Altars:


Innate Abilities, Weirdness & Mutations

You sometimes gain a little power by taking damage.


Message History

A gnoll comes into view. It is wielding a +0 spear.
A gnoll comes into view. It is wielding a +0 flail.
A gnoll comes into view. It is wielding a +0 whip.
You see here a poisoned dart.
k - 9 poisoned darts (gained 1)
The gnoll shouts!
You hear a shout! x2
A goblin comes into view. It is wielding a +0 club.
A gnoll comes into view. It is wielding a +0 spear.
There is an open door here.
Okay, then.
You closely miss the goblin. The goblin hits you but does no damage.
You closely miss the goblin. The goblin hits you with a +0 club.
The gnoll closely misses you.
You slash the goblin!
You kill the goblin!
The gnoll hits you from afar with a +0 spear.
The gnoll barely misses you. The gnoll hits you with a +0 whip.
You hit the gnoll.
The gnoll is moderately wounded.
The gnoll hits you with a +0 whip. The gnoll barely misses you.
You see here a +0 club.
There are monsters nearby!
The gnoll barely misses you.
You closely miss the gnoll.
The gnoll is moderately wounded.
You hit the gnoll but do no damage. The gnoll closely misses you.
The gnoll barely misses you.
The gnoll hits you from afar with a +0 spear!
* * * LOW HITPOINT WARNING * * *
You focus on the pain.
You feel agile all of a sudden.
You closely miss the gnoll.
The gnoll is moderately wounded.
You closely miss the gnoll. The gnoll hits you with a +0 flail.
* * * LOW HITPOINT WARNING * * *
The gnoll completely misses you. x2
You closely miss the gnoll.
The gnoll is moderately wounded.
You hit the gnoll. The gnoll hits you with a +0 flail!
You die...

#.##...##........###...........#
... #...##........#
#......###..# ## #..........####
#.....##>##.# +..........#
#.....#...#.# #..........#
#.....#.⌠.#.# #.........g###
#.....#...#.# #..........g.#
########.##
#..........#g###########.####
#........gg#@g...#....#...##.
#........g.#####......†.⌠....
#......g...####.......#...##.
#......g####....#.....##'####
#.......# #....#.##..##.## #
#####....# #....#<.#.##...# #
.........## #....####..#.⌠[# #
#####.....# #.......#..#...#
#.....###...###.#.###>##.


You could see 4 gnolls.

Vanquished Creatures
  2 adders (D:2)
  A dart slug (D:2)
  5 endoplasms
  3 giant cockroaches
  2 goblins
  2 hobgoblins (D:2)
  2 quokkas
  3 ball pythons
  5 bats
  A frilled lizard (D:1)
  A kobold (D:1)
  5 rats
32 creatures vanquished.

Notes
Turn   | Place    | Note
-------+----------+-------------------------------------------
     0 | D:1      | OneEyedBunny the Demonspawn Gladiator began the quest for
                  | the Orb.
     0 | D:1      | Reached XP level 1. HP: 16/16 MP: 1/1
   197 | D:1      | Gained mutation: You sometimes gain a little power by
                  | taking damage. [demonic ancestry]
   197 | D:1      | Reached XP level 2. HP: 15/22 MP: 2/2
   355 | D:1      | Identified a scroll of acquirement
   355 | D:1      | Acquired the ring of Tisoq {rC+ rN+ Str+6}
  1182 | D:2      | Reached XP level 3. HP: 27/27 MP: 3/3
  1213 | D:2      | Reached skill level 1 in Armour
  1323 | D:2      | HP: 1/27 [gnoll/+0 flail (4)]
  1324 | D:2      | Mangled by a gnoll

Illustrated notes

Levels and vault maps discovered:
D:1:      zaba_arrival_water, layout_basic
D:2:      layout_basic, grunt_ministairs_5

Skill      XL: |  1  2  3 |
---------------+----------+-----
Axes           | 3 |  3.3
Dodging        | 3 |  3.0
Armour         | 1 |  1.5
Fighting       | |  2.2
Throwing       | |  1.8

Action                     || total
---------------------------++-------
  Melee: War axe           ||    85
         Punch             ||     1
  Throw: Throwing net      ||     2
         Dart              ||     4
         Javelin           ||     1
    Use: Scroll            ||     6
 Armour: Leather armour    ||    55
  Dodge: Dodged            ||    62
